AoeStats
← wu

Highland

506555113Analyzed
2v2 RM · 19d ago on Sep 14, 2026· 64m 6s· 4 players
Game mode
Random Map
Map size
Medium (4 player)
Population
200
Speed
Normal
Resources
Standard
Victory
Conquest
Starting age
Dark Age
Ending age
Imperial Age
RankedLock teamsTeams togetherTeam positionsShared explorationLock speedFull tech treeHidden civsTurbo modeCheats
Victory
Defeat
🇹🇼 Wu · Taiwan
698
+25
🇹🇼 Britons · Taiwan
657
+20
🇧🇷 Bengalis · Brazil
772
-21
🇺🇸 Lithuanians · United States
703
-17
k1753688509
11:57 Feudal Age
13:42 Double-Bit Axe
14:08 Loom
17:34 Horse Collar
20:44 Castle Age
20:03 Fletching
23:03 Treadmill Crane
23:45 Ballistics
23:23 Bodkin Arrow
23:46 Bow Saw
23:39 Heavy Plow
29:46 Gold Mining
29:50 Town Watch
30:40 Wheelbarrow
32:00 Yeomen
33:21 Gold Shaft Mining
35:57 Imperial Age
33:41 Squires
33:02 Pikeman
35:44 Town Patrol
36:00 Hand Cart
36:27 Husbandry
38:01 Fervor
38:25 Elite Longbowman
40:45 Two-Man Saw
40:42 Bracer
40:46 Padded Archer Armor
40:47 Scale Mail Armor
41:50 Chemistry
41:40 Conscription
41:53 Conscription
44:53 Hoardings
45:28 Halberdier
46:43 Leather Archer Armor
46:44 Chain Mail Armor
48:43 Warwolf
48:38 Arson
62:39 Stone Mining
63:40 Guilds
65:11 Ring Archer Armor
65:13 Plate Mail Armor
wu
10:17 Feudal Age
10:42 Double-Bit Axe
10:39 Horse Collar
20:41 Castle Age
20:11 Gold Mining
20:13 Stone Mining
21:58 Bow Saw
22:25 Heavy Plow
23:35 Fishing Lines
24:50 Gold Shaft Mining
24:52 Stone Shaft Mining
24:23 Gillnets
24:36 Fletching
24:54 Padded Archer Armor
30:49 Imperial Age
31:45 Sitting Tiger
31:49 Red Cliffs Tactics
32:09 Conscription
33:18 Two-Man Saw
34:08 Leather Archer Armor
33:49 Bodkin Arrow
37:25 Elite Fire Archer
38:27 Guilds
38:49 Coinage
38:19 Caravan
39:02 Bracer
46:23 Forging
46:13 Scale Mail Armor
46:40 Squires
46:26 Arson
48:12 Iron Casting
48:13 Chain Mail Armor
50:38 Blast Furnace
53:32 Plate Mail Armor
55:14 Banking
Leeeroy__Jenkins
4:58 Loom
14:43 Feudal Age
DouglaX
12:31 Feudal Age
15:03 Double-Bit Axe
15:34 Horse Collar
18:33 Castle Age
16:42 Gold Mining
19:29 Bow Saw
25:36 Heavy Plow
27:55 Wheelbarrow
27:08 Loom
27:50 Stone Mining
28:36 Gold Shaft Mining
29:58 Scale Mail Armor
30:09 Forging
29:55 Town Watch
30:54 Hand Cart
31:07 Man-at-Arms
31:33 Gambesons
31:49 Squires
34:52 Imperial Age
31:56 Long Swordsman
33:15 Iron Casting
32:56 Chain Mail Armor
32:42 Padded Archer Armor
36:37 Blast Furnace
35:30 Fletching
36:11 Leather Archer Armor
35:24 Elite Ratha (Ranged)
35:38 Two-Handed Swordsman
36:44 Town Patrol
36:51 Champion
37:00 Pikeman
37:29 Arson
39:50 Mahayana
39:58 Conscription
42:06 Paiks
42:43 Bodkin Arrow
43:22 Ring Archer Armor
44:20 Elite Skirmisher
46:28 Elite Elephant Archer
58:48 Chemistry
58:09 Ballistics
Connection lost

Rejoining the realm…

Still unreachable

The connection could not be restored.

Session expired

The server has moved on; the page needs a fresh start.